 Dungeon Crawl Stone Soup version 0.22-a0-417-g1387785 (webtiles) character file.

94504 iamserjio the Summoner (level 15, -5/119 HPs)
             Began as a Mummy Summoner on May 14, 2018.
             Was an Initiate of Gozag.
             Slain by a spriggan rider
             ... wielding a +0 spear
              (12 damage)
             ... on level 2 of the Swamp.
             The game lasted 02:05:14 (47466 turns).

iamserjio the Summoner (Mummy Summoner)            Turns: 47466, Time: 02:05:14

Health: -5/119     AC: 22    Str: 24    XL:     15   Next: 63%
Magic:  12/29      EV: 23    Int: 14    God:    Gozag
Gold:   5956       SH:  5    Dex: 20    Spells: 21/34 levels left

rFire    x . .     SeeInvis .   A - +5 flail of Red Wine {freeze, rC+ rN+ MR+ Dex+3}
rCold    + + +     Gourm    .   U - +0 buckler
rNeg     + + +     Faith    .   n - +2 scale mail {rC+}
rPois    ∞         Spirit   .   j - +2 hat
rElec    .         Reflect  .   b - +2 cloak
rCorr    .         Harm     .   c - +2 pair of gloves
MR       ++...                  V - +2 pair of boots
Stlth    ++........             N - amulet of regeneration
HPRegen  0.69/turn              z - +4 ring of evasion
MPRegen  0.21/turn              q - +3 ring of evasion

@: mighty, agile, gold aura, very slightly contaminated
A: no food or potions, fire vulnerability, cold resistance 1, negative energy
resistance 3, torment resistance, unbreathing, in touch with death 1
a: Potion Petition, Call Merchant, Bribe Branch, Renounce Religion


You were on level 2 of the Swamp.
You worshipped Gozag.
Gozag was greatly pleased with you.
You were not hungry.

You visited 5 branches of the dungeon, and saw 26 of its levels.

You collected 8685 gold pieces.
You spent 1350 gold pieces at shops.
You paid 1379 gold pieces to Gozag.

Inventory:

Hand Weapons
 A - the +5 flail of Red Wine (weapon) {freeze, rC+ rN+ MR+ Dex+3}
   (You found it on level 6 of the Dungeon)

   It has been specially enchanted to freeze those struck by it, causing extra
   injury to most foes and up to half again as much damage against particularly
   susceptible opponents.
   It can also slow down cold-blooded creatures.
   It affects your dexterity (+3).
   It protects you from cold.
   It protects you from negative energy.
   It affects your resistance to hostile enchantments.
 K - the +8 storm bow {elec}
   (You found it on level 6 of the Lair of Beasts)

   It charges the ammunition it shoots with electricity; occasionally upon a
   hit, such missiles may discharge and cause terrible harm.
Missiles
 O - 208 arrows
Armour
 b - a +2 cloak (worn)
 c - a +2 pair of gloves (worn)
 f - the +0 leather armour "Gusungec" {MR+ MP-9 Slay+4}
   (You bought it in a shop on level 10 of the Dungeon)

   It affects your accuracy and damage with ranged weapons and melee attacks
   (+4).
   It affects your resistance to hostile enchantments.
   It affects your magic capacity (-9).
 i - a +0 ring mail of fire resistance
 j - a +2 hat (worn)
 n - a +2 scale mail of cold resistance (worn)
 L - a +1 scale mail of magic resistance
 U - a +0 buckler (worn)
 V - a +2 pair of boots (worn)
Jewellery
 d - an uncursed ring of protection from magic
 q - a +3 ring of evasion (right hand)
 t - an uncursed ring of resist corrosion
 w - a +4 ring of intelligence
 y - an uncursed ring of fire
 z - a +4 ring of evasion (left hand)
 D - an uncursed ring of see invisible
 E - an uncursed ring of magical power
 N - an amulet of regeneration (around neck)
 Q - an uncursed ring of wizardry
 S - an uncursed ring of magical power
Wands
 a - a wand of flame (62)
 m - a wand of disintegration (19)
 G - a wand of polymorph (27)
 H - a wand of scattershot (8)
 J - a wand of paralysis (6)
Scrolls
 e - 7 scrolls of immolation
 g - 2 scrolls of magic mapping
 h - 3 scrolls of teleportation
 k - a scroll of enchant weapon
 l - 4 scrolls of amnesia
 o - 4 scrolls of identify
 p - 4 scrolls of fear
 r - a scroll of blinking
 s - 6 scrolls of fog
 v - 6 scrolls of remove curse
 C - a scroll of acquirement
 F - 3 scrolls of vulnerability
 I - 2 scrolls of silence
 M - a scroll of summoning
Miscellaneous
 u - a box of beasts
 B - a fan of gales
 R - a phial of floods


   Skills:
 + Level 11.2 Fighting
 * Level 13.0 Maces & Flails
 + Level 9.4 Armour
 - Level 1.6 Dodging
 - Level 1.6 Stealth
 * Level 2.1 Shields
 - Level 10.0 Spellcasting
 - Level 13.0 Summonings
 - Level 4.0 Air Magic


You had 21 spell levels left.
You knew the following spells:

 Your Spells              Type           Power        Failure   Level  Hunger
a - Summon Small Mammal   Summ           ####         1%          1    N/A
b - Call Canine Familiar  Summ           #####...     1%          3    N/A
c - Summon Guardian Gole  Hex/Summ       ####....     6%          3    N/A
d - Summon Lightning Spi  Summ/Air       ####....     9%          4    N/A
e - Blink                 Tloc           N/A          38%         2    N/A

Your spell library contained the following spells:

 Spells                   Type           Power        Failure   Level  Hunger
 Magic Dart               Conj           #...         28%         1    N/A
 Conjure Flame            Conj/Fire      #.......     63%         3    N/A
 Slow                     Hex            #.......     38%         2    N/A
 Confuse                  Hex            #.......     63%         3    N/A
 Throw Frost              Conj/Ice       #.....       38%         2    N/A
 Freezing Cloud           Conj/Ice/Air   ##........   100%        6    N/A
 Mephitic Cloud           Conj/Pois/Air  ##......     43%         3    N/A
 Ring of Flames           Chrm/Fire      #.........   100%        7    N/A
 Freeze                   Ice            #...         28%         1    N/A
 Summon Ice Beast         Ice/Summ       ####....     19%         4    N/A
 Ozocubu's Armour         Chrm/Ice       #.......     63%         3    N/A
 Call Imp                 Summ           #####...     1%          2    N/A
 Tukima's Dance           Hex            #.......     63%         3    N/A
 Throw Icicle             Conj/Ice       #.......     95%         4    N/A
 Ensorcelled Hibernation  Hex/Ice        #.....       38%         2    N/A
 Corona                   Hex            #......      28%         1    N/A
 Dazzling Spray           Conj/Hex       #.....       63%         3    N/A
 Poisonous Vapours        Pois/Air       ##....       19%         2    N/A

Dungeon Overview and Level Annotations

Branches:
Dungeon (15/15)            Temple (1/1) D:7            Lair (6/6) D:9
  Swamp (2/4) Lair:3        Snake (0/4) Lair:2        Slime (0/5) Lair:6
    Orc (2/2) D:12            Elf (0/3) Orc:2        Vaults (0/5) D:14
 Depths (0/5) D:15

Altars:
Ashenzari
Cheibriados
Dithmenos
Elyvilon
Fedhas
Gozag
Hepliaklqana
Kikubaaqudgha
Nemelex Xobeh
Okawaru
Qazlal
Ru
Sif Muna
Trog
Uskayaw
Vehumet
Wu Jian
Yredelemnul
Zin
The Shining One

Shops:
D:5 ?   D:6 [%*%   D:7 %   D:9 (   D:10 [   D:13 }   Orc:2 :[(


Innate Abilities, Weirdness & Mutations

You do not eat or drink.
Your flesh is vulnerable to fire.
You are immune to poison.
Your flesh is cold resistant. (rC+)
You are immune to negative energy. (rN+++)
You are immune to unholy pain and torment.
You can survive without breathing.
You are in touch with the powers of death.


Message History

Your scale mail prevents you from hitting the tyrant leech.
The tyrant leech is almost dead.
Your hound closely misses the spriggan rider.
The tyrant leech bites you but does no damage.
The spriggan rider hits you from afar with a spear!
* * * LOW HITPOINT WARNING * * *
The spriggan rider hits you from afar with a spear.
* * * LOW HITPOINT WARNING * * *
[a] - 336 gold - haste and brilliance [b] - 160 gold - might and agility [c] - 667 gold - resistance, might, agility, curing and magic Purchase which effect?
You feel very mighty all of a sudden.
You feel agile all of a sudden.
Your hound completely misses the spriggan rider.
Your lightning spire shoots out a bolt of lightning at the spriggan rider!
The bolt of electricity hits the spriggan rider.
Your hound misses the spriggan rider. The tyrant leech closely misses you.
The spriggan rider hits you from afar with a spear!
You die...
Your body crumbles into a pile of gold.

.........#..♣..≈≈≈w≈.≈≈w§≈
.♣..#......♣♣♣≈§..?♣≈♣
♣<.......♣♣ ♣.≈.♣≈...≈≈≈≈
♣♣....♣♣♣♣ ♣..♣♣≈≈♣..≈.♣
♣♣≈.♣♣ ♣.≈♣♣.≈≈≈≈♣≈♣ ♣≈.♣
♣♣≈♣♣.♣..♣♣ ♣♣.♣ ♣i♣.h..♣♣
♣.♣ ♣♣w♣.i...♣ .♣
♣≈8@≈≈..♣♣ ♣≈≈..≈.♣♣
♣♣8.♣.♣♣ ♣♣♣♣♣♣


You could see a tyrant leech, 2 spriggan riders, a friendly guardian golem, a
friendly lightning spire and a friendly hound.

Vanquished Creatures
  Frances (D:12)
  An orc warlord (D:12)
  Nessos (D:12)
  Snorg (Orc:2)
  A fire dragon (Lair:6)
  Erolcha (D:9)
  Erica (D:9)
  A catoblepas (Lair:6)
  7 hydras
  2 centaur warriors
  The ghost of Totori the Fighter, a novice DrCK of Xom (Lair:1)
  5 two-headed ogres
  2 alligators
  Urug (Orc:2)
  A tengu warrior (D:15)
  2 orc high priests (Orc:2)
  An unseen horror (D:15)
  A skeletal warrior (D:14)
  A glowing orange brain (D:15)
  A spriggan druid (Swamp:1)
  3 orc knights (Orc:2)
  A lindwurm (Lair:6)
  A wizard (D:14)
  A necromancer (D:14)
  4 orc sorcerers (Orc:2)
  A wolf spider (shapeshifter) (D:15)
  2 ugly things
  An oklob plant (Lair:2)
  A deep elf mage (D:15)
  A manticore (D:12)
  7 cyclopes
  6 black mambas
  3 molten gargoyles (Lair:6)
  A gargoyle (D:10)
  16 spiny frogs
  3 kobold demonologists (D:15)
  4 rime drakes
  15 komodo dragons
  A yaktaur (D:15)
  A freezing wraith (D:14)
  A yaktaur (shapeshifter) (D:15)
  8 trolls
  A queen bee (shapeshifter) (D:13)
  A jumping spider (shapeshifter) (D:15)
  A harpy zombie (D:14)
  A bog body (Swamp:2)
  2 tyrant leeches (Swamp:1)
  Prince Ribbit (D:9)
  5 hornets
  The ghost of inmateoo the Shield-Bearer, an amateur FoFi (D:4)
  5 slime creatures (D:15)
  11 hippogriffs
  5 dream sheep (Lair:5)
  14 blink frogs
  3 shadows
  32 yaks
  2 spriggans
  Eustachio (D:4)
  5 basilisks
  A hog (shapeshifter) (D:13)
  4 wyverns
  Grum (D:8)
  9 vampire mosquitoes
  2 hungry ghosts
  2 soldier ants
  An acid dragon (D:15)
  19 water moccasins
  5 swamp worms (Swamp:1)
  14 porcupines
  4 hell hounds (Lair:6)
  3 swamp drakes (Swamp:2)
  24 orc warriors
  2 ice beasts
  3 sky beasts
  6 ogres
  A phantom (D:8)
  6 wolves
  A necrophage (Swamp:2)
  7 centaurs
  13 crocodiles
  6 big kobolds
  13 bullfrogs
  A gnoll sergeant (D:7)
  3 scorpions
  49 killer bees
  8 wights
  2 howler monkeys (D:9)
  An electric eel (Lair:3)
  4 centaur zombies
  A lava snake (Lair:6)
  A bullfrog zombie (D:9)
  9 crimson imps
  13 orc priests
  2 centaur skeletons
  6 hounds
  3 jellies
  23 orc wizards
  3 iguanas
  6 worker ants
  A hound skeleton (D:9)
  2 gnolls (D:7)
  A howler monkey skeleton (D:7)
  13 adders
  A river rat (D:5)
  2 shadow imps (D:5)
  An ooze (D:4)
  An adder skeleton (D:4)
  3 worms
  4 leopard geckos
  57 orcs
  3 bats
  5 giant cockroaches
  5 goblins
  4 hobgoblins
  2 jackals (D:3)
  3 quokkas
  4 ball pythons
  5 frilled lizards
  12 kobolds
  3 leopard gecko skeletons
  2 leopard gecko zombies
  A quokka skeleton (D:4)
  3 rats (D:3)
  A bush (Lair:3)
627 creatures vanquished.

Vanquished Creatures (collateral kills)
  Louise (Swamp:1)
  4 hydras
  Harold (D:10)
  A catoblepas (Lair:4)
  An alligator (Swamp:1)
  3 two-headed ogres
  An orc high priest (Orc:2)
  Nergalle (Orc:1)
  Sonja (Lair:4)
  A fire crab (Lair:5)
  2 skeletal warriors (D:14)
  An unseen horror (D:12)
  3 orc knights (Orc:2)
  A deep elf mage (D:14)
  3 orc sorcerers
  4 oklob plants
  Maurice (D:12)
  2 ugly things
  2 cyclopes
  2 black mambas
  Joseph (D:10)
  An elephant (Lair:6)
  A gargoyle (D:13)
  4 spiny frogs
  3 rime drakes
  A kobold demonologist (D:15)
  9 komodo dragons
  A troll (Orc:2)
  3 hornets
  Grinder (D:4)
  A polar bear (Lair:5)
  4 blink frogs
  2 slime creatures (D:15)
  A dream sheep (Lair:5)
  6 hippogriffs
  A spriggan (Swamp:2)
  9 wyverns
  8 yaks
  8 basilisks
  A hungry ghost (D:9)
  A steam dragon (Lair:6)
  2 water moccasins
  A hell hound (D:14)
  2 swamp drakes
  A porcupine (Lair:2)
  8 orc warriors
  An ice beast (D:5)
  A necrophage (Swamp:2)
  A black bear (D:6)
  An ogre (D:5)
  A wolf (Lair:1)
  A tengu (shapeshifter) (D:15)
  3 crocodiles
  A centaur (D:15)
  A big kobold (D:15)
  2 bullfrogs
  A gnoll sergeant (Orc:2)
  A scorpion (D:6)
  14 killer bees
  5 wights
  2 crimson imps
  2 howler monkeys
  4 lava snakes (Lair:6)
  A jelly (D:11)
  6 orc priests
  2 bullfrog skeletons
  A centaur skeleton (D:4)
  2 orc wizards
  Crazy Yiuf (D:2)
  Jessica (D:2)
  Ijyb (D:4)
  An iguana (D:13)
  A gnoll (D:7)
  4 adders
  A shadow imp (D:15)
  3 worms (D:2)
  2 leopard geckos (D:3)
  20 orcs
  A giant cockroach (D:1)
  2 goblins
  4 hobgoblins
  A quokka (D:11)
  2 ball pythons
  4 bats (D:1)
  12 kobolds
  3 rats
235 creatures vanquished.

Vanquished Creatures (others)
  2 polar bears (Lair:4)
  A bullfrog skeleton (D:4)
  A worker ant (D:9)
  35 fungi
  45 plants
84 creatures vanquished.

Grand Total: 946 creatures vanquished

Notes
Turn   | Place    | Note
-------+----------+-------------------------------------------
     0 | D:1      | iamserjio the Mummy Summoner began the quest for the Orb.
     0 | D:1      | Reached XP level 1. HP: 13/13 MP: 4/4
   430 | D:1      | Reached XP level 2. HP: 10/19 MP: 3/6
  1830 | D:2      | Reached XP level 3. HP: 4/24 MP: 2/7
  2681 | D:2      | Learned a level 3 spell: Call Canine Familiar
  2691 | D:2      | Noticed Jessica
  2718 | D:2      | Killed Jessica
  2922 | D:2      | Found a runed door.
  3050 | D:2      | Noticed Crazy Yiuf
  3067 | D:2      | Killed Crazy Yiuf
  3067 | D:2      | Reached XP level 4. HP: 20/30 MP: 0/9
  4240 | D:3      | Found a glowing golden altar of the Shining One.
  4428 | D:4      | Reached XP level 5. HP: 30/35 MP: 6/11
  4438 | D:4      | Noticed Eustachio
  4518 | D:4      | Noticed Grinder
  4528 | D:4      | Killed Grinder
  4528 | D:4      | Reached skill level 5 in Spellcasting
  4528 | D:4      | Reached skill level 5 in Summonings
  4528 | D:4      | Reached XP level 6. HP: 27/41 MP: 4/13
  4683 | D:4      | Killed Eustachio
  4692 | D:4      | Learned a level 3 spell: Summon Guardian Golem
  5115 | D:4      | Reached XP level 7. HP: 46/46 MP: 15/15
  5705 | D:4      | Noticed inmateoo's ghost (amateur FoFi)
  5738 | D:4      | HP: 2/46 [inmateoo's ghost (4)]
  5780 | D:4      | HP: 2/46 [inmateoo's ghost (6)]
  5795 | D:4      | Killed inmateoo's ghost
  6541 | D:5      | Entered Level 5 of the Dungeon
  6548 | D:5      | Found Guywis's Magic Scroll Shoppe.
  6554 | D:5      | Bought a scroll of blinking for 75 gold pieces
  6554 | D:5      | Bought a scroll of fog for 20 gold pieces
  6554 | D:5      | Bought a scroll of enchant armour for 75 gold pieces
  6588 | D:5      | Bought a scroll of fear for 35 gold pieces
  6640 | D:5      | Noticed Ijyb
  6940 | D:4      | Killed Ijyb
  7351 | D:5      | Reached XP level 8. HP: 16/52 MP: 14/18
  8094 | D:6      | Found Geogituw's Food Shop.
  8233 | D:6      | Found Titaeric's Armour Emporium.
  8611 | D:6      | Got a fine flail
  8762 | D:6      | Identified the +5 flail of Red Wine {freeze, rC+ rN+ MR+ Dex+3} (You found it on level 6 of the Dungeon)
  9172 | D:6      | Found Hoerofab's Food Shoppe.
  9272 | D:6      | Found Riri's General Store.
  9911 | D:7      | Reached XP level 9. HP: 51/57 MP: 21/21
 10044 | D:7      | Found Obautoul's Food Shoppe.
 10286 | D:7      | Found a shadowy altar of Dithmenos.
 10454 | D:7      | Found a faded altar of an unknown god.
 10456 | D:7      | Found a staircase to the Ecumenical Temple.
 10465 | Temple   | Entered the Ecumenical Temple
 10585 | Temple   | Became a worshipper of Gozag Ym Sagoz the Greedy
 11747 | D:8      | Reached skill level 1 in Maces & Flails
 11759 | D:8      | Reached skill level 1 in Fighting
 11759 | D:8      | Reached skill level 1 in Armour
 12175 | D:8      | Noticed a two-headed ogre
 12555 | D:7      | Learned a level 4 spell: Summon Lightning Spire
 12977 | D:8      | Killed a two-headed ogre
 12977 | D:8      | Reached XP level 10. HP: 24/68 MP: 9/23
 13201 | D:9      | Noticed Erica
 13432 | D:9      | Noticed Grum
 13443 | D:8      | Killed Grum
 13582 | D:8      | Reached skill level 10 in Summonings
 13880 | D:9      | Reached skill level 10 in Spellcasting
 15059 | D:9      | Noticed Prince Ribbit
 15075 | D:9      | Killed Prince Ribbit
 15075 | D:9      | Reached skill level 5 in Maces & Flails
 15557 | D:9      | Noticed Erolcha
 15572 | D:9      | Killed Erolcha
 15572 | D:9      | Reached XP level 11. HP: 61/78 MP: 15/25
 15720 | D:9      | Noticed a two-headed ogre
 15727 | D:9      | Killed a two-headed ogre
 16064 | D:9      | Killed Erica
 16096 | D:9      | Reached skill level 5 in Fighting
 16443 | D:9      | Found Muigok's Antique Weapon Shop.
 16507 | D:9      | Found a staircase to the Lair.
 16860 | D:5      | Bought a scroll of fog for 20 gold pieces
 16860 | D:5      | Bought a scroll of magic mapping for 35 gold pieces
 16860 | D:5      | Bought a scroll of acquirement for 520 gold pieces
 16860 | D:5      | Bought a scroll of fog for 20 gold pieces
 16981 | D:10     | Entered Level 10 of the Dungeon
 17085 | D:10     | Noticed a two-headed ogre
 17094 | D:10     | Killed a two-headed ogre
 17100 | D:10     | Noticed Harold
 17114 | D:10     | Killed Harold
 17732 | D:10     | Found Ostropnu's Antique Armour Boutique.
 17746 | D:10     | Bought an embroidered cloak for 165 gold pieces
 17746 | D:10     | Bought a faintly humming leather armour for 154 gold pieces
 17756 | D:10     | Identified the cursed +0 leather armour "Gusungec" {MR+ MP-9 Slay+4} (You bought it in a shop on level 10 of the Dungeon)
 17793 | D:10     | Noticed Joseph
 17806 | D:10     | Killed Joseph
 18502 | D:11     | Noticed a white ugly thing
 18516 | D:11     | Killed a white ugly thing
 19598 | Lair:1   | Entered Level 1 of the Lair of Beasts
 19626 | Lair:1   | Reached skill level 5 in Armour
 19809 | Lair:1   | Noticed Totori's ghost (novice DrCK)
 20136 | Lair:1   | Killed Totori's ghost
 20517 | Lair:1   | Noticed a seven-headed hydra
 20526 | Lair:1   | Killed a seven-headed hydra
 20526 | Lair:1   | Reached XP level 12. HP: 64/89 MP: 12/26
 21743 | Lair:2   | Found a staircase to the Snake Pit.
 24965 | Lair:3   | Found a staircase to the Swamp.
 25327 | Lair:3   | Noticed an eight-headed hydra
 25342 | Lair:3   | Killed an eight-headed hydra
 26065 | Lair:4   | Gained mutation: You are in touch with the powers of death. [Mummy growth]
 26065 | Lair:4   | Reached XP level 13. HP: 36/98 MP: 20/27
 26349 | Lair:4   | Noticed Sonja
 26361 | Lair:4   | Killed Sonja
 27951 | Lair:4   | Reached skill level 10 in Maces & Flails
 29201 | Lair:5   | Reached skill level 1 in Air Magic
 31202 | Lair:6   | Entered Level 6 of the Lair of Beasts
 32370 | Lair:6   | Found a staircase to the Slime Pits.
 33227 | Lair:6   | Reached XP level 14. HP: 101/108 MP: 24/28
 33790 | Lair:6   | Found a large runed door.
 33791 | Lair:6   | Found the +8 storm bow {elec}
 33880 | Lair:6   | Found a large runed door.
 34876 | D:12     | Noticed Frances
 34891 | D:12     | HP: 4/108 [Frances/shard of ice (35)]
 34892 | D:12     | Killed Frances
 35313 | D:12     | Found a staircase to the Orcish Mines.
 35980 | D:12     | Noticed Maurice
 35989 | D:12     | Killed Maurice
 36125 | D:12     | Noticed Nessos
 36137 | D:12     | Killed Nessos
 36397 | D:12     | Got an opalescent robe
 36408 | D:12     | Identified the +2 robe of the Thistle {-Tele rPois rF+ Dex+3} (You found it on level 12 of the Dungeon)
 36839 | D:13     | Learned a level 2 spell: Blink
 37079 | D:13     | Found Kutsadeywe's Gadget Emporium.
 37897 | D:14     | Found a gate to the Vaults.
 37935 | D:14     | Reached skill level 10 in Fighting
 38010 | D:14     | Found a stormy altar of Qazlal.
 39043 | D:15     | Entered Level 15 of the Dungeon
 39741 | D:15     | Found a staircase to the Depths.
 40210 | D:15     | Reached XP level 15. HP: 117/117 MP: 21/29
 40896 | Orc:1    | Entered Level 1 of the Orcish Mines
 41346 | Orc:2    | Entered Level 2 of the Orcish Mines
 41671 | Orc:2    | Noticed an orc warlord
 41724 | D:12     | Killed an orc warlord
 41966 | Orc:2    | Noticed Urug
 42465 | Orc:2    | Killed Urug
 42731 | Orc:2    | Found a staircase to the Elven Halls.
 43296 | Orc:2    | Found Gipeph's Book Shoppe.
 43296 | Orc:2    | Found Urphacall's Armour Boutique.
 43298 | Orc:2    | Found Zeuxkyla's Antique Armour Shoppe.
 43298 | Orc:2    | Found Vepumev's Weapon Boutique.
 43309 | Orc:2    | Bought a +2 pair of boots for 231 gold pieces
 43339 | Orc:1    | Noticed Nergalle
 43339 | Orc:1    | Noticed Snorg
 43934 | Orc:1    | Killed Nergalle
 44377 | Orc:2    | Killed Snorg
 44707 | Swamp:1  | Entered Level 1 of the Swamp
 45700 | Swamp:1  | Noticed Louise
 45741 | Swamp:1  | Killed Louise
 46105 | Swamp:1  | Reached skill level 1 in Shields
 47466 | Swamp:2  | Slain by a spriggan rider

Vault maps used:
D:1:      scummos_arrival_simple_fountains
D:2:      uniq_crazy_yiuf_cottage, uniq_jessica
D:3:      lemuel_crystal_altar
D:4:      first_ration, serial_bayou_pond_c, uniq_eustachio, uniq_grinder
D:5:      serial_shops, shop_fountains, uniq_ijyb
D:6:      serial_shops, shop_fountains, shop_fountains, kennysheep_mini,
          nicolae_shop_window_shopping, kennysheep_generic_room_13
D:7:      nicolae_temple_entry_ecumenical, basic_altar, serial_co_window_serial,
          co_window_paths_a, co_window_of_opportunity_a,
          co_window_of_opportunity_a, co_window_of_opportunity_a,
          co_window_of_opportunity_a, co_window_of_opportunity_c,
          co_window_unsneaky_path_a, co_window_unsneaky_path_e,
          co_window_4corner_b, glass_columns_c, glass_columns_a,
          glass_columns_a, glass_columns_c, glass_columns_a, serial_shops,
          nicolae_shop_waterfront
D:8:      hangedman_pestilent_swarm
D:9:      wad_woods_minihive, grunt_lair_entry_orc_guard_hut, serial_shops,
          nicolae_shop_overgrown_old_shop, uniq_erica, uniq_grum,
          uniq_prince_ribbit1, uniq_erolcha
D:10:     serial_shops, nicolae_shop_temple_entry_statues_fountains,
          uniq_joseph, uniq_harold
D:12:     orc_0_dummy, serial_column_ruins, column_ruins_hut_pillars,
          column_ruins_grid_1, column_ruins_open_tiny,
          column_ruins_columns_straight, column_ruins_grid_1, uniq_nessos,
          uniq_maurice, uniq_frances
D:13:     serial_shops, shop
D:14:     david_vaults_1, nicolae_benzene_ring, nicolae_qazlal_eye_of_the_storm
D:15:     gammafunk_enter_depths_forms, hangedman_abyss_or_decor_lesser_grid
Temple:   kilobyte_greek_temple
Lair:1:   lemuel_fruit_tree
Lair:2:   minmay_snake_entry_six_corridors, minmay_lair_oklob_chamber,
          grunt_megastairs_5
Lair:3:   swamp_mist_pool, minmay_lair_oklob_bushes, grunt_megastairs_2
Lair:4:   cheibrodos_lair_overgrown_chateau, uniq_sonja
Lair:5:   grunt_megastairs_3
Lair:6:   cheibrodos_lair_end_hotspot, slime_dummy, st_stairs_3,
          nicolae_quartered_pool_little, serial_bayou_pond_b,
          serial_bayou_shore_b, serial_bayou_shore_b
Swamp:1:  nicolae_swamp_very_dense_foliage, uniq_louise
Swamp:2:  evilmike_swamp_ruin_rubble_1, swamp_pool3, roderic_carrion_pond
Orc:1:    uniq_nergalle, uniq_snorg
Orc:2:    grunt_orc_tribal_feast, sword_in_stone

Skill      XL: |  1  2  3  4  5  6  7  8  9 10 11 12 13 14 15 |
---------------+----------------------------------------------+-----
Spellcasting   | 3 4 5 6 8 9 10 | 10.0
Summonings     | 4 5 6 7 8 9 10 11 12 13 | 13.0
Maces & Flails | 2 5 7 9 10 12 13 | 13.0
Fighting       | 2 4 6 8 9 10 11 | 11.2
Armour         | 1 3 5 6 7 8 9 |  9.4
Air Magic      | 2 4 |  4.0
Shields        | 2 |  2.1
Dodging        | |  1.6
Stealth        | |  1.6

Action                   |  1- 3 |  4- 6 |  7- 9 | 10-12 | 13-15 || total
-------------------------+-------+-------+-------+-------+-------++-------
Melee: Club              |    60 |       |       |       |       ||    60
       Unarmed           |     6 |       |       |       |       ||     6
       Short sword       |    39 |       |       |       |       ||    39
       Quarterstaff      |       |   109 |   146 |       |       ||   255
       Flail             |       |       |   244 |   900 |  1634 ||  2778
 Cast: Summon Small Mamm |    52 |    10 |     9 |       |       ||    71
       Call Canine Famil |     2 |    10 |    26 |    23 |    48 ||   109
       Summon Guardian G |       |       |    23 |    20 |    41 ||    84
       Summon Lightning  |       |       |     1 |    49 |   147 ||   197
Invok: Potion Petition   |       |       |     1 |     1 |     5 ||     7
Evoke: Wand              |       |       |     7 |     4 |    12 ||    23
  Use: Scroll            |       |     5 |     9 |     4 |    21 ||    39
 Stab: Sleeping          |     4 |     1 |     4 |     2 |       ||    11
       Distracted        |     1 |       |     1 |    11 |    41 ||    54
       Paralysed         |       |     3 |       |       |     5 ||     8
       Confused          |       |     1 |       |       |       ||     1
       Petrified         |       |       |       |       |     2 ||     2
Armor: Robe              |    46 |    37 |     2 |       |       ||    85
       Leather armour    |       |       |   117 |    78 |       ||   195
       Ring mail         |       |       |       |   190 |   303 ||   493
       Scale mail        |       |       |       |       |   204 ||   204
Dodge: Dodged            |    95 |    96 |   385 |  1090 |  1264 ||  2930
Block: Buckler           |       |       |       |       |    63 ||    63

Table legend:
 A = Spawn XP
 B = Non-spawn XP
 C = Spawn XP percentage of total XP
 D = Spawn monster count
 E = Non-spawn monster count
 F = Spawn count percentage of total count
 G = Total turns spent on level
                    A         B        C        D         E        F      G
               +---------+---------+-------+---------+---------+-------+---------
         Total |       0 |  135006 |   0.0 |       0 |     863 |   0.0 | 47466
               +---------+---------+-------+---------+---------+-------+---------
           D:1 |       0 |      29 |   0.0 |       0 |      21 |   0.0 |  1664
           D:2 |       0 |      69 |   0.0 |       0 |      15 |   0.0 |  1626
           D:3 |       0 |      68 |   0.0 |       0 |      25 |   0.0 |  1124
           D:4 |       0 |     896 |   0.0 |       0 |      21 |   0.0 |  2665
           D:5 |       0 |     771 |   0.0 |       0 |      21 |   0.0 |  1146
           D:6 |       0 |     804 |   0.0 |       0 |      18 |   0.0 |  1652
           D:7 |       0 |     548 |   0.0 |       0 |      21 |   0.0 |  1777
           D:8 |       0 |    3325 |   0.0 |       0 |      40 |   0.0 |  2590
           D:9 |       0 |    7790 |   0.0 |       0 |      94 |   0.0 |  2931
          D:10 |       0 |    2982 |   0.0 |       0 |      15 |   0.0 |  1497
          D:11 |       0 |    1786 |   0.0 |       0 |      30 |   0.0 |  1634
          D:12 |       0 |    6811 |   0.0 |       0 |      27 |   0.0 |  1395
          D:13 |       0 |    4069 |   0.0 |       0 |      28 |   0.0 |  1311
          D:14 |       0 |   13766 |   0.0 |       0 |      52 |   0.0 |  1395
          D:15 |       0 |   11884 |   0.0 |       0 |      45 |   0.0 |  1712
        Lair:1 |       0 |    5081 |   0.0 |       0 |      21 |   0.0 |  1712
        Lair:2 |       0 |    6744 |   0.0 |       0 |      42 |   0.0 |  2647
        Lair:3 |       0 |    5932 |   0.0 |       0 |      24 |   0.0 |  1838
        Lair:4 |       0 |    8433 |   0.0 |       0 |      37 |   0.0 |  2747
        Lair:5 |       0 |   10935 |   0.0 |       0 |      48 |   0.0 |  2485
        Lair:6 |       0 |   14200 |   0.0 |       0 |      61 |   0.0 |  3497
       Swamp:1 |       0 |    8561 |   0.0 |       0 |      27 |   0.0 |  2488
       Swamp:2 |       0 |    4198 |   0.0 |       0 |      16 |   0.0 |   271
         Orc:1 |       0 |    3062 |   0.0 |       0 |      41 |   0.0 |  1934
         Orc:2 |       0 |   12262 |   0.0 |       0 |      73 |   0.0 |  1573
               +---------+---------+-------+---------+---------+-------+---------
